 Dungeon Crawl Stone Soup version 0.22-a0-407-gb098539 (webtiles) character file.

117 dstrtnsr the Chopper (level 5, 0/47 HPs)
             Began as a Hill Orc Berserker on May 9, 2018.
             Was a Believer of Trog.
             Succumbed to an adder's poison
             ... on level 3 of the Dungeon.
             The game lasted 00:01:55 (1597 turns).

dstrtnsr the Chopper (Hill Orc Berserker)           Turns: 1597, Time: 00:01:56

Health: 0/47       AC:  4    Str: 20 (21) XL:     5   Next: 1%
Magic:  5/5        EV: 12    Int:  5 (7)  God:    Trog [**....]
Gold:   99         SH:  0    Dex:  7 (10) Spells: 4/4 levels left

rFire    . . .     SeeInvis .   a - +0 hand axe
rCold    . . .     Gourm    .   (no shield)
rNeg     . . .     Faith    .   b - +0 animal skin
rPois    .         Spirit   .   (no helmet)
rElec    .         Reflect  .   (no cloak)
rCorr    .         Harm     .   (no gloves)
MR       .....                  h - +1 pair of boots
Stlth    +.........             (no amulet)
HPRegen  0.15/turn              (no ring)
MPRegen  0.09/turn              (no ring)

@: lethally poisoned (0 -> -3), berserk cooldown, hasted, very quick
A: no striking features
a: Berserk, Trog's Hand, Renounce Religion


You were on level 3 of the Dungeon.
You worshipped Trog.
Trog was pleased with you.
You were very hungry.

You visited 1 branch of the dungeon, and saw 3 of its levels.

You collected 99 gold pieces.

Inventory:

Hand Weapons
 a - a +0 hand axe (weapon)
Armour
 b - a +0 animal skin (worn)
 h - a +1 pair of boots (worn)
Scrolls
 c - 2 scrolls of fog {unknown}
 g - 2 scrolls of identify {@r1}
 j - a scroll of teleportation {unknown}
Comestibles
 e - 2 rations {!d}


   Skills:
 + Level 4.8 Fighting
 * Level 6.4 Axes
 - Level 2.1 Armour
 - Level 1.5 Dodging


You had 4 spell levels left.
You didn't know any spells.

Dungeon Overview and Level Annotations

Branches:
Dungeon (3/15)

Altars:

Annotations:
D:3 dstrtnsr's ghost, weakling HOBe


Message History

You hit the adder but do no damage.
The adder is moderately wounded.
You feel sick. The adder barely misses you. The adder bites you.
You are more poisoned.
The adder poisons you!
You hit the adder.
The adder is moderately wounded.
You feel sick. The adder barely misses you.
You closely miss the adder.
The adder is moderately wounded.
You feel sick. The adder closely misses you. The adder bites you.
* * * LOW HITPOINT WARNING * * *
You are too injured to fight recklessly!
You aren't carrying any items that you can evoke.
Unknown command.
As you read the scroll labeled ITESUTHA DIAHETO, it crumbles to dust.
It is a scroll of identify.
f - a potion of haste You feel sick.
The adder bites you.
* * * LOW HITPOINT WARNING * * *
The adder bites you but does no damage.
It was a potion of degeneration.
There was something very wrong with that liquid.
You feel weakened.
You feel dopey.
You feel clumsy.
You feel sick. The adder closely misses you.
The adder bites you but does no damage.
It was a potion of ambrosia.
You are confused.
You feel invigorated.
You feel sick. The adder bites you. The adder bites you but does no damage.
The adder closely misses you. The adder bites you but does no damage.
You feel sick. The adder closely misses you. The adder misses you.
The adder bites you. x2
You are more poisoned.
The adder poisons you!
You miss the adder.
The adder is moderately wounded.
You feel sick. The adder bites you but does no damage. The adder bites you.
Dstrtnsr's ghost (weakling Hill Orc Berserker) comes into view.
Dstrtnsr's ghost turns its malevolent gaze towards you.
You hit the adder but do no damage.
The adder is moderately wounded.
You feel sick. The adder closely misses you. x2
You closely miss the adder.
The adder is moderately wounded.
You feel less invigorated.
You feel less confused.
You feel sick. The adder bites you but does no damage. The adder bites you.
You are more poisoned.
The adder poisons you!
You hit the adder.
The adder is almost dead.
You feel sick. The adder bites you but does no damage.
You feel sick. The adder bites you.
You are more poisoned.
The adder poisons you! The adder barely misses you.
You barely miss the adder.
The adder is almost dead.
You feel sick. The adder bites you. The adder bites you but does no damage.
You barely miss the adder.
The adder is almost dead.
You barely miss dstrtnsr's ghost.
You are feeling very hungry.
You feel sick. The adder barely misses you. Dstrtnsr's ghost hits you!
The adder closely misses you.
Dstrtnsr's ghost hits you but does no damage.
You hit the adder.
You kill the adder!
Trog accepts your kill.
You have reached level 5!
You feel stronger.
You barely miss dstrtnsr's ghost.
You feel sick. Dstrtnsr's ghost barely misses you.
You feel yourself speed up.
You feel sick. Dstrtnsr's ghost hits you!
* * * LOW HITPOINT WARNING * * *
Dstrtnsr's ghost hits you.
* * * LOW HITPOINT WARNING * * *
Unknown command.
* * * LOW HITPOINT WARNING * * *
You feel sick.
* * * LOW HITPOINT WARNING * * *
You feel sick.
* * * LOW HITPOINT WARNING * * *
You feel sick.
* * * LOW HITPOINT WARNING * * *
You feel sick.
You see here a worm corpse.
You feel yourself speed up.
* * * LOW HITPOINT WARNING * * *
You feel sick.
You aren't carrying any potions.
Unknown command.
* * * LOW HITPOINT WARNING * * *
You feel sick.
* * * LOW HITPOINT WARNING * * *
You feel sick.
Things that are here:
a dagger; 2 stones; a kobold skeleton
There is a stone staircase leading up here.
You die...

.......?. #..........
#.. ##......... #)###...
..... ####.#....###..##
.#.....#........# ...#!#
#(.......#
..[..###..?.....#####.#
.....##(........@.....#
......†.....W.).......#
.....(%.#.........>...#
†..†...##..........$..#
....)............#......
.......#########........
.......# ##.......
.......# #......
.....#.# (....


You could see dstrtnsr's ghost.

Vanquished Creatures
  6 adders
  An ooze (D:2)
  2 worms
  4 leopard geckos (D:1)
  An orc (D:3)
  7 bats
  2 giant cockroaches
  4 goblins (D:1)
  6 hobgoblins
  3 jackals (D:1)
  6 kobolds
  A ball python (D:1)
  2 frilled lizards
  4 rats
49 creatures vanquished.

Vanquished Creatures (others)
  A goblin (D:1)
1 creature vanquished.

Grand Total: 50 creatures vanquished

Notes
Turn   | Place    | Note
-------+----------+-------------------------------------------
     0 | D:1      | dstrtnsr the Hill Orc Berserker began the quest for the Orb.
     0 | D:1      | Reached XP level 1. HP: 19/19 MP: 1/1
    48 | D:1      | Reached XP level 2. HP: 27/27 MP: 2/2
   357 | D:1      | Reached skill level 5 in Axes
   453 | D:1      | Reached XP level 3. HP: 30/33 MP: 3/3
   622 | D:2      | Reached ** piety under Trog
   822 | D:2      | Reached XP level 4. HP: 41/41 MP: 4/4
  1346 | D:3      | Reached skill level 6 in Axes
  1564 | D:3      | HP: 16/41 [poisoned by an adder]
  1573 | D:3      | Noticed dstrtnsr's ghost (weakling HOBe)
  1579 | D:3      | Reached XP level 5. HP: 21/47 MP: 5/5
  1580 | D:3      | HP: 18/47 [poisoned by an adder]
  1580 | D:3      | HP: 7/47 [dstrtnsr's ghost (11)]
  1585 | D:3      | HP: 3/47 [poisoned by an adder]
  1589 | D:3      | HP: 1/47 [poisoned by an adder]
  1597 | D:3      | Succumbed to an adder's poison

Vault maps used:
D:1:      saegor_arrival_simple_e, lemuel_flame_loot_1
D:3:      first_ration

Skill      XL: |  1  2  3  4 |
---------------+-------------+-----
Fighting       | 4 |  4.8
Axes           | 5 6 |  6.4
Armour         | |  2.1
Dodging        | |  1.5

Action                   |  1- 3 |  4- 6 || total
-------------------------+-------+-------++-------
Melee: Hand axe          |    95 |    65 ||   160
Invok: Berserk           |     4 |     3 ||     7
  Use: Potion            |       |     3 ||     3
       Scroll            |       |     1 ||     1
 Stab: Sleeping          |       |     1 ||     1
  Eat: Chunk             |     3 |     5 ||     8
Armor: Animal skin       |    27 |    16 ||    43
Dodge: Dodged            |    86 |    35 ||   121

Table legend:
 A = Spawn XP
 B = Non-spawn XP
 C = Spawn XP percentage of total XP
 D = Spawn monster count
 E = Non-spawn monster count
 F = Spawn count percentage of total count
 G = Total turns spent on level
                    A         B        C        D         E        F      G
               +---------+---------+-------+---------+---------+-------+---------
         Total |       0 |     168 |   0.0 |       0 |      49 |   0.0 |  1597
               +---------+---------+-------+---------+---------+-------+---------
           D:1 |       0 |      46 |   0.0 |       0 |      25 |   0.0 |   618
           D:2 |       0 |      63 |   0.0 |       0 |      12 |   0.0 |   724
           D:3 |       0 |      59 |   0.0 |       0 |      12 |   0.0 |   255
               +---------+---------+-------+---------+---------+-------+---------
